 Dungeon Crawl Stone Soup version 0.29.1-13-g9f3cf754e1 (webtiles) character file.

Game seed: 14575583987754689991

229 OTABOTABOTAB the Cutter (level 6, 0/32 HPs)
             Began as a Vine Stalker Fighter on Jan 21, 2023.
             Succumbed to Crazy Yiuf's poison
             ... on level 3 of the Dungeon.
             The game lasted 00:02:57 (2863 turns).

OTABOTABOTAB the Cutter (Vine Stalker Fighter)      Turns: 2863, Time: 00:02:57

Health: 0/32       AC: 12    Str: 20    XL:     6   Next: 3%
Magic:  0/7        EV: 14    Int:  8    God:
Gold:   92         SH:  5    Dex: 14    Spells: 5/5 levels left

rFire   . . .      SeeInvis .   a - +0 rapier
rCold   . . .      Faith    .   c - +0 buckler
rNeg    . . .      Spirit   +   b - +0 scale mail
rPois   .          Reflect  .   j - +0 helmet
rElec   .          Harm     .   (no cloak)
rCorr   .          Rampage  .   e - +0 pair of gloves
Will    .....                   f - +2 pair of boots
Stlth   ..........              (no amulet)
HPRegen 0.90/turn               (no ring)
MPRegen 0.10/turn               (no ring)

@: agile, lethally poisoned (0 -> -3), flying, hasted, very quick
A: fangs 2, regeneration 1, magic shield, antimagic bite, no potion heal 2
a: no special abilities


You were on level 3 of the Dungeon.
You visited 1 branch of the dungeon, and saw 3 of its levels.

You collected 92 gold pieces.

Inventory:

Hand Weapons
 a - a +0 rapier (weapon)
Missiles
 n - 5 boomerangs
 q - a throwing net {!d}
 s - 23 stones
Armour
 b - a +0 scale mail (worn)
 c - a +0 buckler (worn)
 e - a +0 pair of gloves (worn)
   (You found it on level 1 of the Dungeon)
 f - a +2 pair of boots (worn)
   (You found it on level 1 of the Dungeon)
 j - a +0 helmet (worn)
   (You found it on level 1 of the Dungeon)
 l - a +0 cloak
   (You found it on level 2 of the Dungeon)
Scrolls
 d - 4 scrolls of identify {unknown}
 g - 2 scrolls of butterflies {unknown}
 m - a scroll of torment {unknown}
 p - a scroll of magic mapping {unknown}
 r - 2 scrolls of blinking {unknown}
 t - a scroll of vulnerability {unknown}
Potions
 i - a potion of invisibility {unknown}
 o - a potion of lignification {unknown}
 H - a potion of haste
 L - a potion of flight


   Skills:
 + Level 3.5 Fighting
 * Level 3.7 Short Blades
 + Level 3.1 Armour
 + Level 3.6 Shields


You had 5 spell levels left.
You didn't know any spells.
Your spell library was empty.

Dungeon Overview and Level Annotations

Branches:
Dungeon (3/15)

Altars:

Annotations:
D:3 2 transporters, SirLogeyBear's ghost, amateur HOBe


Innate Abilities, Weirdness & Mutations

You have extremely sharp teeth.
Your natural rate of healing is unusually fast.
When hurt, damage is shared between your health and your magic reserves.
Your bite disrupts and absorbs the magic of your enemies.
Potions cannot restore your health.


Message History

Health restored: 28; MP restored: 6 You now have 92 gold pieces (gained 10).
s - 23 stones (gained 2)
There is a stone staircase leading up here.
There is a stone staircase leading down here.
You open the door.
Found a faded altar of an unknown god.
There is an open door here.
There is an open door here.
A kobold comes into view. It is wielding a +0 whip.
The kobold shouts!
The kobold closely misses you.
Unknown command.
You hit the kobold. The kobold barely misses you.
You barely miss the kobold. The kobold hits you with a +0 whip.
You take 2 damage, and have 26/28 hp.
You now have 5/6 mp.
You hit the kobold.
You kill the kobold!
No target in view!
n - 5 boomerangs (gained 4)
Things that are here:
a +0 whip; a kobold corpse
Things that are here:
a +0 whip; a kobold corpse
Items here: ))))))) [[[.
Partly explored, unvisited transporter and can't reach some places.
Health restored: 28; MP restored: 6 Partly explored, unvisited transporter and can't reach some places.
Unknown command.
You hit the fungus.
The fungus begins to die.
You bite the fungus, but do no damage. You hit the fungus. You bite the fungus.
You drain its power. You hit the fungus. You puncture the fungus!
You bite the fungus. You drain its power. You hit the fungus.
You bite the fungus. You drain its power.
A nearby fungus withers and dies.
You see here a +0 hammer.
You see here a +0 hammer.
You see here a +0 hammer.
Crazy Yiuf shouts!
You see here a +0 hammer.
You see here a +0 hammer.
You see here a +0 hammer.
Item here: a transparent hammer.
The floor.
Unknown command.
You open the door. You hit Crazy Yiuf. You bite Crazy Yiuf.
You drain his power.
Crazy Yiuf cries, "Peeping!
Mama Orb Guardian tortoise."
Crazy Yiuf hits you with a +4 quarterstaff of chaos.
Crazy Yiuf burns you.
You take 4 damage, and have 24/28 hp.
You closely miss Crazy Yiuf.
Crazy Yiuf hits you with a +4 quarterstaff of chaos.
You are poisoned.
You now have 5/6 mp.
You hit Crazy Yiuf. Your bite misses Crazy Yiuf.
You feel very sick.
Crazy Yiuf hits you with a +4 quarterstaff of chaos.
You are more poisoned.
You take 3 damage, and have 21/28 hp.
You barely miss Crazy Yiuf.
You feel very sick.
Crazy Yiuf hits you with a +4 quarterstaff of chaos.
You take 6 damage, and have 15/28 hp.
MASSIVE DAMAGE!!
You now have 4/6 mp.
You barely miss Crazy Yiuf.
You feel very sick.
Crazy Yiuf hits you with a +4 quarterstaff of chaos.
You feel agile all of a sudden.
You take 4 damage, and have 11/28 hp.
You now have 3/6 mp.
You hit Crazy Yiuf. You bite Crazy Yiuf, but do no damage.
You feel sick.
Crazy Yiuf says, "Crazy?
Crazy!?
PORCUPINE!"
Crazy Yiuf hits you with a +4 quarterstaff of chaos.
* * * LOW HITPOINT WARNING * * *
You feel your power leaking away.
You take 3 damage, and have 8/28 hp.
You now have 1/6 mp.
You barely miss Crazy Yiuf.
You feel sick.
Crazy Yiuf says, "Pitchfork toodlewoodle foot!"
Crazy Yiuf hits you with a +4 quarterstaff of chaos.
* * * LOW HITPOINT WARNING * * *
You are lethally poisoned!
You take 4 damage, and have 4/28 hp.
You now have 0/6 mp.
You hit Crazy Yiuf. You bite Crazy Yiuf.
You kill Crazy Yiuf!
* * * LOW HITPOINT WARNING * * *
You feel very sick.
You have reached level 6!
You take 2 damage, and have 2/32 hp.
It was a potion of haste.
You feel yourself speed up.
H - a potion of haste
* * * LOW HITPOINT WARNING * * *
You feel sick.
You take 1 damage, and have 1/32 hp.
It was a potion of flight.
You feel very buoyant.
You fly up into the air.
L - a potion of flight You die...

..8#...# ##..#
_###...# ##..##
##...#### #..##
.....##.# ####
........#
##>...#)##♣♣♣♣♣
#######.#.P)♣)♣♣♣
### .#
##....P)♣))♣#)))#
.#
#....PP♣♣♣♣@))).#
.# ##..#.P♣♣
♣♣#)))# .#
##...##♣♣ ### .#
#....# .###..#.#
......#.#
.###.##.# ##
#....# ######


There were no monsters in sight!

Vanquished Creatures
  A black bear (D:3)
  Crazy Yiuf (D:3)
  An adder (D:3)
  3 gnolls (D:3)
  3 dart slugs
  6 orcs (D:3)
  4 ball pythons
  6 endoplasms
  6 giant cockroaches
  4 goblins
  4 hobgoblins
  5 kobolds
  3 quokkas
  3 bats
  4 frilled lizards
  4 rats
58 creatures vanquished.

Vanquished Creatures (others)
  A fungus (D:3)
1 creature vanquished.

Grand Total: 59 creatures vanquished

Notes
Turn   | Place    | Note
-------+----------+-------------------------------------------
     0 | D:1      | OTABOTABOTAB the Vine Stalker Fighter began the quest for
                  | the Orb.
     0 | D:1      | Reached XP level 1. HP: 11/11 MP: 2/2
   307 | D:1      | Reached skill level 2 in Short Blades
   312 | D:1      | Reached XP level 2. HP: 9/16 MP: 1/3
  1073 | D:1      | Reached XP level 3. HP: 14/19 MP: 4/4
  1768 | D:2      | Reached skill level 3 in Shields
  1881 | D:2      | Reached skill level 3 in Fighting
  2258 | D:3      | Noticed a black bear
  2285 | D:3      | Killed a black bear
  2286 | D:3      | Reached skill level 3 in Short Blades
  2286 | D:3      | Reached skill level 3 in Armour
  2286 | D:3      | Gained mutation: Your natural rate of healing is unusually
                  | fast. [Vine Stalker growth]
  2286 | D:3      | Reached XP level 4. HP: 18/24 MP: 3/5
  2286 | D:3      | Reached XP level 5. HP: 21/28 MP: 3/6
  2334 | D:3      | Found a transporter.
  2335 | D:3      | Identified the +4 dire flail of Egomania {freeze, Str+3}
  2335 | D:3      | Noticed an ogre
  2335 | D:3      | Noticed SirLogeyBear's ghost (amateur HOBe)
  2335 | D:3      | Noticed an ogre
  2341 | D:3      | Found a transporter.
  2767 | D:3      | Found a faded altar of an unknown god.
  2849 | D:3      | Found a runed translucent door.
  2850 | D:3      | Noticed Crazy Yiuf
  2860 | D:3      | HP: 7/28 [poisoned by Crazy Yiuf]
  2861 | D:3      | Killed Crazy Yiuf
  2861 | D:3      | HP: 1/28 [poisoned by Crazy Yiuf]
  2862 | D:3      | Reached XP level 6. HP: 2/32 MP: 0/7
  2863 | D:3      | Succumbed to Crazy Yiuf's poison

Illustrated notes

Levels and vault maps discovered:
D:1:      roderic_dead_forest, layout_loops_corners, minmay_pentomino_q4
D:2:      layout_basic, nicolae_concentric_dashed_squares_wild
D:3:      layout_basic, dreamdust_ecumenical_altar_sealed_demon,
          gammafunk_ghost_smash, skrybe_limestone_x, uniq_crazy_yiuf_cottage

Skill      XL: |  1  2  3 |
---------------+----------+-----
Short Blades   | 2 3 |  3.7
Shields        | 3 |  3.6
Fighting       | 3 |  3.5
Armour         | 3 |  3.1

Action                   |  1- 3 |  4- 6 || total
-------------------------+-------+-------++-------
Melee: Rapier            |    87 |    81 ||   168
       Bite              |    16 |    19 ||    35
Throw: Stone             |     3 |       ||     3
  Use: Potion            |     1 |     2 ||     3
Armor: Scale mail        |    48 |    23 ||    71
Dodge: Dodged            |    47 |    29 ||    76
Block: Buckler           |    11 |    14 ||    25

Table legend: (Time is in decaauts)
 A = Elapsed time spent in this place.
 B = Non-inter-level travel time spent in this place.
 C = Inter-level travel time spent in this place.
 D = Time resting spent in this place.
 E = Time spent auto-exploring this place.
 F = Levels seen in this place.
 G = Mean time per level.
                   A        B        C        D        E       F      G
               +--------+--------+--------+--------+--------+-----+--------+
         Total |   2881 |   2816 |     65 |      0 |   2443 |   3 |  960.3 |
       Dungeon |   2881 |   2816 |     65 |      0 |   2443 |   3 |  960.3 |
               +--------+--------+--------+--------+--------+-----+--------+

Top non-repeatable levels by time:
     D:1: 1290 daAuts
     D:2: 940 daAuts
     D:3: 650 daAuts

Table legend:
 A = Kills in this place as a percentage of kills in entire the game.
 B = Kills by you in this place as a percentage of kills by you in the entire game.
 C = Kills by friends in this place as a percentage of kills by friends in the entire game.
 D = Other kills in this place as a percentage of other kills in the entire game.
 E = Experience gained in this place as a percentage of experience gained in the entire game.
 F = Experience gained in this place divided by the number of levels of this place that you have seen.
                   A       B       C       D       E      F
               +-------+-------+-------+-------+-------+----------------------
         Total | 100.0 | 100.0 |   N/A |   N/A | 100.0 | 109.3
       Dungeon | 100.0 | 100.0 |   N/A |   N/A | 100.0 | 109.3
               +-------+-------+-------+-------+-------+----------------------
